 Dungeon Crawl Stone Soup version 0.31-a0-600-g62dffe198b (webtiles) character file.

Game seed: 11751756981587373557

3535 Ijustatesigmund the Tainter (level 10, -24/68 HPs)
             Began as an Octopode Venom Mage on Aug 21, 2023.
             Killed from afar by an efreet (31 damage)
             ... with a fireball
             ... on level 8 of the Dungeon.
             The game lasted 00:17:20 (9375 turns).

Ijustatesigmund the Tainter (Octopode Venom Mage)   Turns: 9375, Time: 00:17:21

Health: -24/68     AC:  1    Str:  7    XL:     10   Next: 8%
Magic:  17/17      EV: 19    Int: 21    God:
Gold:   1372       SH:  5    Dex: 14    Spells: 9/19 levels left

rFire   . . .        d - +5 trident (vamp)
rCold   . . .        (no shield)
rNeg    + . .        (helmet restricted)
rPois   .            j - amulet of reflection
rElec   .            b - +5 ring of evasion
rCorr   +            g - ring of wizardry
SInv    .            f - ring of positive energy
Will    .....        s - ring of resist corrosion
Stlth   +++          (no ring)
HPRegen 0.31/turn    (no ring)
MPRegen 0.15/turn    (no ring)
                     (no ring)

%: reflection, wizardry (x1)
@: no status effects
A: almost no armour, amphibious, 8 rings, camouflage 1, gelatinous body 1,
(nimble swimmer 1), tentacles
a: no special abilities


You were on level 8 of the Dungeon.
You visited 2 branches of the dungeon, and saw 9 of its levels.
You also visited: Sewer.

You collected 1594 gold pieces.
You spent 222 gold pieces at shops.

Inventory:

Hand Weapons
 c - a +2 hand axe of flaming
 d - a +5 vampiric trident (weapon)
 o - the +9 war axe of Tumult {heavy, Dex+3 Stlth+}
   (You took it off an orc wizard on level 7 of the Dungeon)

   Dex+3:     It affects your dexterity (+3).
   Stlth+:    It makes you more stealthy.
Armour
 p - a +1 tower shield
Jewellery
 b - a +5 ring of evasion (left tentacle)
 f - a ring of positive energy (on tentacle)
 g - a ring of wizardry (right tentacle)
 j - an amulet of reflection (around mantle)
 s - a ring of resist corrosion (on tentacle)
 u - an amulet of the acrobat
Wands
 i - a wand of flame (33)
 k - a wand of mindburst (8)
 t - a wand of paralysis (7)
 w - a wand of roots (13)
Scrolls
 e - 2 scrolls of teleportation
 m - 3 scrolls of fear
 x - a scroll of identify
 y - a scroll of enchant armour
Potions
 a - 3 potions of magic
 h - 3 potions of heal wounds
 l - 2 potions of curing
 n - 2 potions of ambrosia
 q - a potion of brilliance
 r - a potion of mutation
 v - a potion of might
 z - a potion of lignification {unknown}


   Skills:
 + Level 5.8 Fighting
 - Level 4.1 Polearms
 - Level 3.4 Dodging
 - Level 2.6 Stealth
 + Level 5.0 Spellcasting
 + Level 4.6 Conjurations
 - Level 1.0 Transmutations
 + Level 4.7 Air Magic
 + Level 9.5 Poison Magic
 - Level 2.5 Evocations


You had 9 spell levels left.
You knew the following spells:

 Your Spells              Type           Power      Damage    Failure   Level
a - Sting                 Tmut/Pois      100%       1d8       1%          1
b - Poisonous Vapours     Pois/Air       70%        N/A       1%          2
c - Mephitic Cloud        Conj/Pois/Air  31%        N/A       1%          3
d - Olgreb's Toxic Radia  Pois           45%        N/A       1%          4

Your spell library contained the following spells:

 Spells                   Type           Power      Damage    Failure   Level
 Slow                     Hex            20%        N/A       4%          1
 Confusing Touch          Hex            5%         N/A       13%         3
 Vampiric Draining        Necr           5%         2d6       13%         3
 Animate Dead             Necr           5%         N/A       38%         4
 Haunt                    Necr/Summ      2%         N/A       100%        7
 Infestation              Necr           2%         N/A       100%        8


Dungeon Overview and Level Annotations

Branches:
Dungeon (8/15)             Temple (1/1) D:7           Sewer (visited)
   Lair: D:8-11

Altars:
Ashenzari
Elyvilon
Fedhas
Gozag
Hepliaklqana
Kikubaaqudgha
Makhleb
Nemelex Xobeh
Okawaru
Qazlal
Ru
Sif Muna
Trog
Uskayaw
Vehumet
Wu Jian
Xom
Yredelemnul
Zin

Shops:
D:5 *   D:8 *

Annotations:
D:6 Pascal76's ghost, novice GrGl


Innate Abilities, Weirdness & Mutations

You cannot wear most types of armour.
You are amphibious.
You can wear up to eight rings at the same time.
Your skin changes colour to match your surroundings (Stealth+).
Your rubbery body absorbs attacks. (AC +1, EV +1)
((You are camouflaged when in or above water. (Stealth+)))
You have tentacles for arms and can constrict up to eight enemies at once.


Message History

Found 16 gold pieces.
Things that are here:
a +3 morningstar; a +0 robe
Found an escape hatch in the ceiling.
You now have 1578 gold pieces (gained 10).
x - a scroll labelled PEDALI PYCH
l - 2 potions of curing (gained 1)
There is an entrance to Haoluni's Assorted Antiques here.
z - a sapphire potion;
y - a scroll labelled XOANUA WASSE Thank you for shopping at Haoluni's Assorted Antiques!
There is an entrance to Haoluni's Assorted Antiques here.
e - 2 scrolls of teleportation (gained 1)
m - 3 scrolls of fear (gained 1) Thank you for shopping at Haoluni's Assorted Antiques!
You now have 1372 gold pieces (gained 16).
y - 2 scrolls labelled XOANUA WASSE (gained 1)
Found a hazy altar of Hepliaklqana.
As you read the scroll labelled PEDALI PYCH, it crumbles to dust.
The air around you briefly surges with heat, but it dissipates.
It was a scroll of immolation.
As you read the scroll labelled XOANUA WASSE, it crumbles to dust.
It is a scroll of enchant armour.
Your +0 tower shield glows green for a moment.
x - a scroll of identify An efreet comes into view.
It is wielding a +3 scimitar of flaming.
The efreet gestures at you.
The fireball explodes!
The fireball engulfs you!!
Ouch! That really hurt!
You hear a loud, deep croak!
You are too injured to fight recklessly!
You are too injured to fight recklessly!
You are too injured to fight recklessly!
The efreet gestures at you.
The fireball explodes!
The fireball engulfs you!!
* * * LOW HITPOINT WARNING * * *
The tree burns like a torch!
A bullfrog comes into view.
The efreet gestures at you.
The fireball explodes!
The fireball engulfs you!!
You die...

...###..........# ##......##.....
..##............♣♣♣♣#......##....
................♣..♣#.....###....
........#.......♣.........####...
#...... #.....♣._.....#......#.
##..... ###...F♣......####....#.
# ..... #....R.♣..♣....##...####
#...... .......§§§♣.....##.## ..#
#...@........##.## ###
###.......#......# #
##...####..##..# ##..
#.....##...##.## ...#
.........#.##### [.#
#..........#.. #..#
#..........#.. # # #......#......
#...#.##....##.


You could see an efreet and a bullfrog.

Vanquished Creatures
  Pikel (D:5)
  Menkaure (D:5)
  A black bear (D:5)
  An orc warrior (D:7)
  A sky beast (D:7)
  2 ogres (D:5)
  A lemure (D:5)
  A phantom (D:5)
  A kobold brigand (D:8)
  Blork the orc (D:5)
  4 bullfrogs
  10 wights
  12 killer bees (D:7)
  2 jellies
  A howler monkey (D:5)
  A hound (D:4)
  4 orc priests
  A gnoll bouda (D:4)
  3 sleepcaps
  3 iguanas
  9 orc wizards
  4 gnolls
  5 river rats
  14 adders
  2 ufetubi (D:7)
  A worm (D:3)
  8 dart slugs
  27 orcs
  6 ball pythons
  4 endoplasms
  6 giant cockroaches
  6 goblins
  9 hobgoblins
  8 kobolds
  2 quokkas
  7 bats
  7 frilled lizards
  10 rats
187 creatures vanquished.

Vanquished Creatures (collateral kills)
  A gnoll (D:4)
1 creature vanquished.

Grand Total: 188 creatures vanquished

Notes
Turn   | Place    | Note
-------+----------+-------------------------------------------
     0 | D:1      | Ijustatesigmund the Octopode Venom Mage began the quest for
                  | the Orb.
     0 | D:1      | Reached XP level 1. HP: 11/11 MP: 3/3
    68 | D:1      | Reached XP level 2. HP: 17/18 MP: 1/5
    71 | D:1      | Learned a level 2 spell: Poisonous Vapours
   149 | D:1      | Reached skill level 1 in Fighting
   149 | D:1      | Reached skill level 4 in Poison Magic
   198 | D:1      | Reached XP level 3. HP: 23/23 MP: 2/6
   202 | D:1      | Learned a level 3 spell: Mephitic Cloud
   947 | D:2      | Reached skill level 1 in Air Magic
  1262 | D:2      | Reached XP level 4. HP: 28/28 MP: 2/7
  1595 | D:3      | Found an ornate altar of the Wu Jian Council.
  1607 | D:3      | Found a stormy altar of Qazlal.
  1622 | D:3      | Reached skill level 1 in Conjurations
  2064 | D:3      | Found a shimmering blue altar of Sif Muna.
  2555 | D:4      | Reached XP level 5. HP: 30/33 MP: 3/9
  2650 | D:4      | Learned a level 4 spell: Olgreb's Toxic Radiance
  2830 | D:4      | Reached skill level 5 in Poison Magic
  2850 | D:4      | Reached XP level 6. HP: 36/38 MP: 7/10
  3484 | D:5      | Entered Level 5 of the Dungeon
  3487 | D:5      | Noticed Menkaure
  3496 | D:5      | Killed Menkaure
  3813 | D:5      | Reached XP level 7. HP: 43/43 MP: 12/12
  3832 | D:5      | Found Foapleo's Gadget Gallery.
  3907 | D:5      | Reached skill level 1 in Polearms
  4214 | D:5      | Noticed Pikel
  4220 | D:5      | Reached skill level 6 in Poison Magic
  4222 | D:5      | Killed Pikel
  4223 | D:5      | Reached skill level 7 in Poison Magic
  4223 | D:5      | Reached XP level 8. HP: 23/54 MP: 4/13
  4653 | D:5      | Noticed Blork the orc
  4666 | D:5      | Killed Blork the orc
  5238 | D:6      | Found a glowing drain.
  5246 | Sewer    | Entered a sewer
  5525 | Sewer    | Reached skill level 8 in Poison Magic
  5528 | Sewer    | Reached skill level 1 in Evocations
  5944 | D:6      | Reached XP level 9. HP: 46/59 MP: 14/14
  6101 | D:6      | Found a runed translucent door.
  6265 | D:6      | Noticed Pascal76's ghost (novice GrGl)
  6797 | D:6      | HP: 2/59 [Pascal76's ghost (5)]
  7127 | D:7      | Identified a scroll of acquirement
  7127 | D:7      | Acquired 1104 gold pieces
  7174 | D:7      | Found a staircase to the Ecumenical Temple.
  7502 | Temple   | Entered the Ecumenical Temple
  7549 | D:7      | Identified the +9 war axe of Tumult {heavy, Dex+3 Stlth+}
  7554 | D:7      | Reached skill level 5 in Fighting
  8158 | D:7      | Reached skill level 9 in Poison Magic
  9034 | D:8      | Reached XP level 10. HP: 67/67 MP: 9/17
  9292 | D:8      | Reached skill level 5 in Spellcasting
  9307 | D:8      | Found Haoluni's Assorted Antiques.
  9334 | D:8      | Bought a sapphire potion for 22 gold pieces
  9334 | D:8      | Bought a scroll labelled XOANUA WASSE for 25 gold pieces
  9336 | D:8      | Bought a scroll of teleportation for 75 gold pieces
  9336 | D:8      | Bought a scroll of fear for 100 gold pieces
  9342 | D:8      | Found a hazy altar of Hepliaklqana.
  9375 | D:8      | Killed from afar by an efreet

Illustrated notes

Levels and vault maps discovered:
D:1:      scummos_arrival_simple_fountains, layout_rooms
D:2:      layout_rooms, kennysheep_boxes
D:3:      layout_loops_corners, mainiacjoe_overflow_large_starburst,
          overflow_temple_1_default, serial_bayou_pond_d, minmay_misc_feat_tiny,
          nrook_mini_backslash, minmay_surrounded
D:4:      kennysheep_slugbush, layout_basic
D:5:      layout_basic, nicolae_shop_gadgets, uniq_pikel, uniq_menkaure,
          uniq_blork_the_orc
D:6:      layout_loops_corners, ebering_ghost_reflecting_pool,
          cheibrodos_sewer_entry_sluice, solitary_fountain
D:7:      layout_loops_corners, minmay_temple_entry_stoned_glass,
          minmay_misc_feat_chi
D:8:      layout_cave_pools, tso_altar, mainiacjoe_overflow_alcove_1,
          serial_shops, nicolae_shop_stone, minmay_crossroads
Temple:   hellmonk_temple_of_storms

Skill      XL: |  1  2  3  4  5  6  7  8  9 10 |
---------------+-------------------------------+-----
Fighting       | 1 3 4 5 |  5.8
Poison Magic   | 4 5 7 8 9 |  9.5
Air Magic      | 1 2 3 4 |  4.7
Conjurations   | 1 2 4 |  4.6
Spellcasting   | 3 4 5 |  5.0
Polearms       | 3 4 |  4.1
Evocations     | 1 2 |  2.5
Dodging        | 3 |  3.4
Stealth        | |  2.6
Transmutations | |  1.0

Action                     |  1- 3 |  4- 6 |  7- 9 | 10-12 || total
---------------------------+-------+-------+-------+-------++-------
  Melee: Mace              |    18 |       |       |       ||    18
         Unarmed           |     5 |       |       |       ||     5
         Constrict         |     9 |    16 |    34 |     6 ||    65
         Tentacles         |     3 |    12 |    38 |     4 ||    57
         Trident           |     8 |    86 |   209 |    28 ||   331
         Hand axe          |     6 |       |       |       ||     6
   Cast: Sting             |     6 |       |       |       ||     6
         Poisonous Vapours |    25 |    19 |    28 |       ||    72
         Olgreb's Toxic Ra |       |     1 |    19 |       ||    20
  Evoke: Wand              |       |       |     5 |       ||     5
    Use: Scroll            |       |     6 |    15 |     2 ||    23
         Potion            |       |     3 |     2 |       ||     5
   Stab: Sleeping          |     1 |     4 |     7 |     1 ||    13
         Distracted        |       |     3 |       |       ||     3
 Armour: Skin              |     1 |     2 |     4 |       ||     7
  Dodge: Dodged            |    46 |    46 |   146 |    14 ||   252
  Block: Other             |       |       |     5 |     4 ||     9
         Reflection        |       |       |     1 |       ||     1

Table legend: (Time is in decaauts)
 A = Elapsed time spent in this place.
 B = Non-inter-level travel time spent in this place.
 C = Inter-level travel time spent in this place.
 D = Time resting spent in this place.
 E = Time spent auto-exploring this place.
 F = Levels seen in this place.
 G = Mean time per level.
                   A        B        C        D        E       F      G
               +--------+--------+--------+--------+--------+-----+--------+
         Total |   9418 |   9146 |    272 |   2155 |   5653 |  10 |  941.8 |
       Dungeon |   8767 |   8507 |    260 |   2121 |   5233 |   8 | 1095.9 |
        Temple |     41 |     30 |     11 |      0 |      0 |   1 |   41.0 |
         Sewer |    609 |    609 |      0 |     34 |    420 |   1 |  609.0 |
               +--------+--------+--------+--------+--------+-----+--------+

Top non-repeatable levels by time:
     D:7: 1854 daAuts
     D:5: 1711 daAuts
     D:6: 1326 daAuts
     D:3: 1005 daAuts
     D:4: 976 daAuts
     D:1: 783 daAuts
     D:2: 738 daAuts
   Sewer: 609 daAuts
     D:8: 370 daAuts
  Temple: 41 daAuts
